 Dungeon Crawl Stone Soup version 0.31-a0-117-g42d8f58691 (webtiles) character file.

Game seed: 5017173484543110429

22845 Ijustatesigmund the Fighter (level 13, -6/85 HPs)
             Began as a Gargoyle Gladiator on May 30, 2023.
             Was a Believer of the Shining One.
             Mangled by a sun demon (8 damage)
             ... summoned by a kobold demonologist
             ... on level 11 of the Dungeon.
             The game lasted 00:34:20 (13612 turns).

Ijustatesigmund the Fighter (Gargoyle Gladiator)   Turns: 13612, Time: 00:34:22

Health: -6/85      AC: 25    Str: 23    XL:     13   Next: 2%
Magic:  20/20      EV: 10    Int: 15    God:    the Shining One [**....]
Gold:   1466       SH: 15    Dex: 11    Spells: 12/12 levels left

rFire   . . .        I - +2 flail (freeze)
rCold   + . .        g - +5 kite shield "Sutuikh" {rElec}
rNeg    + + .        H - +2 scale mail {rC+}
rPois   ∞            k - +2 helmet {SInv}
rElec   +            c - +2 cloak {Will+}
rCorr   +            (no gloves)
SInv    +            (no boots)
Will    +....        (no amulet) Stlth
                     K - ring of resist corrosion
HPRegen 0.34/turn    D - +6 ring of strength
MPRegen 0.17/turn

%: no passive effects
@: glowing, studying 2 skills
A: sickness immunity, AC +9, negative energy resistance 1, electricity
resistance, torment resistance 1, petrification resistance
a: Renounce Religion, Divine Shield


You were on level 11 of the Dungeon.
You worshipped the Shining One.
The Shining One was pleased with you.
You visited 2 branches of the dungeon, and saw 14 of its levels.
You also visited: Ossuary and Ice Cave.

You collected 1949 gold pieces.
You spent 483 gold pieces at shops.

Inventory:

Hand Weapons
 a - a +2 flail
 I - a +2 flail of freezing (weapon)
Missiles
 d - 2 throwing nets
 e - a javelin
 f - 39 poisoned darts (quivered)
Armour
 b - a +0 troll leather armour
 c - a +2 cloak of willpower (worn)
 g - the +5 kite shield "Sutuikh" (worn) {rElec}
   (You found it on level 10 of the Dungeon)

   rElec:     It insulates you from electricity.
 j - a +0 tower shield of cold resistance
 k - a +2 helmet of see invisible (worn)
 m - a +2 kite shield of cold resistance
 w - a +2 robe of the Archmagi
 H - a +2 scale mail of cold resistance (worn)
Jewellery
 l - a ring of protection from cold
 r - an amulet of magic regeneration
 D - a +6 ring of strength (right hand)
 K - a ring of resist corrosion (left hand)
Wands
 u - a wand of polymorph (4)
 x - a wand of mindburst (4)
 A - a wand of digging (8)
Scrolls
 o - a scroll of vulnerability
 t - a scroll of immolation
 v - a scroll of enchant armour
 y - a scroll of silence {unknown}
 z - a scroll of fog
 G - 3 scrolls of enchant weapon
 L - a scroll of teleportation
Potions
 h - a potion of ambrosia
 i - 3 potions of lignification
 n - 2 potions of enlightenment
 p - a potion of cancellation
 q - 3 potions of mutation
 s - 4 potions of curing
 C - a potion of attraction {unknown}
 E - a potion of resistance
 F - a potion of invisibility {unknown}
Miscellaneous
 B - a phial of floods
 J - a phantom mirror


   Skills:
 + Level 11.8 Fighting
 + Level 11.1 Maces & Flails
 - Level 1.7 Throwing
 - Level 4.4 Armour
 + Level 5.1 Dodging
 - Level 9.0 Shields
 - Level 5.4 Conjurations
 + Level 9.8 Invocations
 - Level 5.8 Evocations


You had 12 spell levels left.
You didn't know any spells.
Your spell library contained the following spells:

 Spells                   Type           Power      Damage    Failure   Level
 Call Canine Familiar     Summ           0%         N/A       98%         3
 Portal Projectile        Hex/Tloc       0%         N/A       98%         3
 Leda's Liquefaction      Hex/Erth       0%         N/A       100%        4
 Malign Gateway           Summ/Tloc      0%         N/A       100%        7
 Summon Horrible Things   Summ           0%         N/A       100%        8
 Chain Lightning          Conj/Air       4%         3d5       100%        9
 Fire Storm               Conj/Fire      4%         8d1       100%        9
 Shatter                  Erth           0%         3d5*      100%        9


Dungeon Overview and Level Annotations

Branches:
Dungeon (13/15)            Temple (1/1) D:6            Lair (0/5) D:11
    Orc (0/2) D:12        Ossuary (visited)           IceCv (visited)
 Vaults: D:13-14

Altars:
Ashenzari
Cheibriados
Dithmenos
Elyvilon
Fedhas
Gozag
Hepliaklqana
Kikubaaqudgha
Makhleb
Nemelex Xobeh
Okawaru
Qazlal
Ru
Sif Muna
Trog
Uskayaw
Vehumet
Wu Jian
Xom
Yredelemnul
Zin
The Shining One

Shops:
D:2 [   D:8 [![   D:9 :   D:12 !

Annotations:
D:10 Josephine, Lodul


Innate Abilities, Weirdness & Mutations

You are immune to sickness and miasma.
Your stone body is resilient. (AC +9)
You are immune to poison.
You resist negative energy. (rN+)
You are resistant to electric shocks. (rElec)
You are resistant to unholy torment.
You are immune to petrification.


Message History

You block the kobold demonologist's attack.
You completely miss the kobold demonologist.
The sun demon barely misses you.
You block the kobold demonologist's attack.
You hit the kobold demonologist. You freeze the kobold demonologist.
The kobold demonologist is lightly wounded.
You block the sun demon's attack.
You block the kobold demonologist's attack.
You hit the kobold demonologist but do no damage.
The kobold demonologist is lightly wounded.
You block the sun demon's attack.
You hit the kobold demonologist but do no damage.
The kobold demonologist is lightly wounded.
The sun demon completely misses you.
The kobold demonologist looks encouraged for a moment.
You block the sun demon's attack.
You sock the kobold demonologist! You freeze the kobold demonologist.
The kobold demonologist is heavily wounded.
The kobold demonologist gestures wildly while chanting.
The sun demon hits you!
You are engulfed in flames!
You closely miss the kobold demonologist.
The kobold demonologist is heavily wounded.
You block the kobold demonologist's attack.
The sun demon completely misses you.
You closely miss the kobold demonologist.
The kobold demonologist is heavily wounded.
The kobold demonologist gestures wildly while chanting.
The sun demon hits you!
You are engulfed in flames!
You sock the kobold demonologist! You freeze the kobold demonologist.
The kobold demonologist is severely wounded.
You block the sun demon's attack.
You block the kobold demonologist's attack.
Okay, then.
You feel better. The sun demon hits you!
* * * LOW HITPOINT WARNING * * *
You are engulfed in flames!!
* * * LOW HITPOINT WARNING * * *
You block the kobold demonologist's attack.
The sun demon hits you!
You die...

....# #...#......#>.# ....#
##...#..PP..#.)' ....#
##...###.P.P.####
##..#############...## #..P.PP..P
......>............## ##..P.P...
...................### #...P...P
.....................## ##P....P.
#################..#..######.....
###### ##@.####..#######.#
#....######K3## ##...## #..
#.........55## ###..######
##...(.....5# ###..####
####...........# ###..#.
##..............# ##...
....####........# ####.. ..###
##.......# #....) ..## #.......#
#.....


You could see a sun demon (summoned), a kobold demonologist and 3 white imps.

Vanquished Creatures
  A frost giant (IceCv)
  A two-headed ogre (D:9)
  5 death yaks (IceCv)
  A wizard (D:12)
  An ugly thing (D:11)
  A deep elf pyromancer (D:11)
  3 cyclopes
  An ice statue (IceCv)
  Maggie (D:10)
  An unseen horror (D:11)
  2 komodo dragons (D:11)
  2 kobold demonologists (D:11)
  A hornet (D:8)
  2 trolls
  12 polar bears (IceCv)
  3 slime creatures (D:12)
  A shadow (D:11)
  2 water elementals (D:12)
  A wraith (D:12)
  21 yaks
  2 wyverns
  A steam dragon (D:7)
  2 vampire mosquitoes (D:12)
  Menkaure (D:4)
  3 acid dragons
  3 water moccasins
  A sky beast (D:7)
  Duvessa (D:7)
  5 orc warriors
  An ice beast (D:7)
  16 wolves (IceCv)
  5 ogres
  2 phantoms
  3 kobold brigands
  3 bullfrogs
  2 elf zombies (D:4)
  A gnoll sergeant (D:10)
  3 elf skeletons (D:4)
  3 scorpions
  A wight (D:8)
  Dowan (D:7)
  12 killer bees
  5 electric eels (D:12)
  A centaur zombie (Ossuary)
  5 hounds
  2 jellies
  Crazy Yiuf (D:2)
  6 orc priests
  A gnoll bouda (D:10)
  Jessica (D:2)
  3 iguanas
  4 sleepcaps
  Natasha (D:2)
  5 orc wizards
  A human skeleton (D:4)
  4 mummies (Ossuary)
  10 gnolls
  9 adders
  3 white imps
  An ufetubus (D:5)
  2 worms
  17 orcs
  6 ball pythons
  6 endoplasms
  2 giant cockroaches
  7 goblins
  6 hobgoblins
  3 jackals (D:5)
  15 kobolds
  3 quokkas
  4 bats
  4 frilled lizards
  3 gnoll zombies (Ossuary)
  A hobgoblin zombie (Ossuary)
  2 kobold zombies (Ossuary)
  3 orc skeletons (D:4)
  3 orc zombies
  7 rats
292 creatures vanquished.

Vanquished Creatures (others)
  An ogre (D:10)
  A wolf (IceCv)
  A killer bee (D:8)
3 creatures vanquished.

Grand Total: 295 creatures vanquished

Notes
Turn   | Place    | Note
-------+----------+-------------------------------------------
     0 | D:1      | Ijustatesigmund the Gargoyle Gladiator began the quest for
                  | the Orb.
     0 | D:1      | Reached XP level 1. HP: 12/12 MP: 1/1
   220 | D:1      | Reached XP level 2. HP: 18/18 MP: 2/2
   580 | D:1      | Reached skill level 1 in Armour
   911 | D:2      | Reached skill level 1 in Shields
   963 | D:2      | Reached XP level 3. HP: 21/22 MP: 3/3
  1227 | D:2      | Found Rymerchu's Armour Boutique.
  1260 | D:2      | Noticed Jessica
  1270 | D:2      | Killed Jessica
  1271 | D:2      | Reached XP level 4. HP: 26/28 MP: 4/4
  1536 | D:2      | Found a runed translucent door.
  1537 | D:2      | Noticed Crazy Yiuf
  1546 | D:2      | Killed Crazy Yiuf
  1586 | D:3      | Noticed Natasha
  1605 | D:2      | Killed Natasha
  1606 | D:2      | Reached XP level 5. HP: 29/32 MP: 5/5
  2024 | D:3      | Identified a scroll of acquirement
  2024 | D:3      | Acquired a manual of Conjurations
  2432 | D:4      | Reached XP level 6. HP: 28/38 MP: 6/6
  2505 | D:4      | Reached XP level 7. HP: 29/43 MP: 7/7
  2536 | D:4      | Found a sand-covered staircase.
  2544 | Ossuary  | Entered an ossuary
  3228 | D:4      | Noticed Menkaure
  3251 | D:5      | Entered Level 5 of the Dungeon
  3261 | D:5      | Reached skill level 5 in Maces & Flails
  3425 | D:4      | Killed Menkaure
  3426 | D:4      | Reached skill level 5 in Fighting
  3426 | D:4      | Reached XP level 8. HP: 49/49 MP: 8/8
  3812 | D:5      | Found a stormy altar of Qazlal.
  3821 | D:5      | Reached skill level 1 in Conjurations
  3835 | D:5      | Found a sparkling altar of Nemelex Xobeh.
  4682 | D:6      | Found a staircase to the Ecumenical Temple.
  4693 | D:6      | Reached skill level 5 in Conjurations
  4937 | Temple   | Entered the Ecumenical Temple
  5097 | Temple   | Became a worshipper of the Shining One
  5248 | D:6      | Reached skill level 1 in Invocations
  5459 | D:6      | Reached XP level 9. HP: 56/56 MP: 8/10
  5624 | D:6      | Found an iron altar of Okawaru.
  5624 | D:6      | Found a hazy altar of Hepliaklqana.
  6236 | D:7      | Noticed Dowan
  6253 | D:7      | Killed Dowan
  6424 | D:7      | Noticed a troll
  6445 | D:7      | Killed a troll
  6848 | D:7      | Noticed Duvessa
  6864 | D:7      | Killed Duvessa
  7342 | D:8      | Found Jufocuuwn's Antique Armour Boutique.
  7345 | D:8      | Noticed a hornet
  7357 | D:9      | Noticed a troll
  7360 | D:10     | Entered Level 10 of the Dungeon
  7360 | D:10     | Noticed a kobold demonologist
  7368 | D:10     | Noticed an orange demon
  7370 | D:10     | Noticed Josephine
  7371 | D:10     | Noticed a smoke demon
  7546 | D:10     | Reached XP level 10. HP: 50/65 MP: 13/13
  7607 | D:10     | Identified the +5 kite shield "Sutuikh" {rElec}
  7707 | D:9      | Reached skill level 5 in Invocations
  7958 | D:9      | Reached skill level 5 in Shields
  8101 | D:8      | Found Goloacwaso's Antique Armour Shop.
  8196 | D:8      | Found Usoyrymu's Distillery.
  8200 | D:8      | Bought a potion of heal wounds for 55 gold pieces
  8202 | D:8      | Reached * piety under the Shining One
  8716 | D:2      | Bought a +2 cloak of willpower for 279 gold pieces
  8716 | D:2      | Bought a +0 helmet of see invisible for 149 gold pieces
  8917 | D:9      | Noticed a two-headed ogre
  8928 | D:9      | Killed a two-headed ogre
  8929 | D:9      | Reached skill level 1 in Evocations
  9035 | D:9      | Found a basalt altar of Yredelemnul.
  9078 | D:9      | Noticed a cyclops
  9085 | D:9      | Killed a cyclops
  9482 | D:9      | Found Wisotreb's Tremendous Tomes.
  9779 | D:10     | Reached XP level 11. HP: 54/71 MP: 14/16
  9849 | D:10     | Noticed Maggie
  9849 | D:10     | Noticed Lodul
 10101 | D:10     | Killed Maggie
 10202 | D:11     | Noticed a deep elf pyromancer
 10208 | D:11     | Noticed a cyclops
 10211 | D:11     | Killed a deep elf pyromancer
 10219 | D:11     | Killed a cyclops
 10353 | D:11     | Noticed a cyclops
 10367 | D:11     | Killed a cyclops
 10368 | D:11     | Reached skill level 10 in Fighting
 10593 | D:11     | Found a staircase to the Lair.
 10733 | D:11     | Noticed a purple ugly thing
 10766 | D:11     | Killed a purple ugly thing
 10769 | D:11     | Noticed a soul eater
 11083 | D:11     | Noticed a sun demon
 11446 | D:12     | Found a frozen archway.
 11455 | IceCv    | Entered an ice cave
 11545 | IceCv    | Noticed a death yak
 11545 | IceCv    | Noticed a death yak
 11563 | IceCv    | Killed a death yak
 11564 | IceCv    | Reached skill level 10 in Maces & Flails
 11572 | IceCv    | Killed a death yak
 11573 | IceCv    | Reached XP level 12. HP: 32/79 MP: 18/18
 11757 | IceCv    | Reached ** piety under the Shining One
 11782 | IceCv    | Reached skill level 5 in Evocations
 12272 | IceCv    | Noticed a frost giant
 12272 | IceCv    | Noticed a death yak
 12310 | IceCv    | Killed a death yak
 12336 | IceCv    | Killed a frost giant
 12564 | IceCv    | Identified the +1 robe of Daffodils {rElec}
 12580 | IceCv    | Acquired a manual of Dodging
 12668 | IceCv    | Noticed a death yak
 12668 | IceCv    | Noticed a death yak
 12684 | IceCv    | Killed a death yak
 12699 | IceCv    | Killed a death yak
 13116 | D:12     | Found Bac Ets's Distillery.
 13322 | D:12     | Reached skill level 5 in Dodging
 13322 | D:12     | Reached XP level 13. HP: 78/85 MP: 20/20
 13359 | D:12     | Found a staircase to the Orcish Mines.
 13438 | D:13     | Acquired 1079 gold pieces
 13612 | D:11     | HP: 2/85 [sun demon[a kobold demonologist] (19)]
 13612 | D:11     | Mangled by a sun demon

Illustrated notes

Levels and vault maps discovered:
D:1:      roderic_crossed_star, layout_basic
D:2:      layout_rooms, serial_glass, glass_columns_a, glass_columns_a,
          glass_columns_a, glass_columns_c, glass_columns_b, glass_columns_a,
          glass_columns_c, glass_columns_a, glass_columns_a, glass_columns_a,
          serial_shops, shop_fountains, minmay_pentomino_z4, uniq_jessica,
          uniq_crazy_yiuf_cottage
D:3:      layout_basic, serial_corexii_hall, chequers_hall_statues_corner_a,
          corexii_hall_statues_i, grunt_ministairs_2, uniq_natasha
D:4:      layout_layer_cave, nicolae_ossuary_entry_catacombs, uniq_menkaure
D:5:      layout_basic, jmf_multi_god_temple
D:6:      layout_loops_ring, gammafunk_temple_overflow_statue,
          minmay_temple_entry_crystal_x
D:7:      layout_basic, minivault_19, uniq_duvessa
D:8:      layout_loops_cross, serial_shops, shop, shop_fountains, shop,
          minmay_crossroads
D:9:      layout_rooms, mainiacjoe_overflow_24_doors,
          nicolae_shop_i_like_big_books
D:10:     layout_roguey, enter_trove_5, laboratory, uniq_josephine, uniq_lodul,
          uniq_maggie
D:11:     layout_cave_pods, grunt_lair_entry_orc_guard_hut, uniq_gastronok
D:12:     cheibrodos_wizards_tower, layout_basic, david_orc_3, serial_shops,
          nicolae_shop_tiny_waterfront, portal_ice_cave_entry_pillars_1
D:13:     layout_irregular_city, minmay_statue_crystal_thing, uniq_rupert
Temple:   minmay_crystal_spiral_temple

Skill      XL: |  1  2  3  4  5  6  7  8  9 10 11 12 |
---------------+-------------------------------------+-----
Armour         | 1 2 3 4 |  4.4
Shields        | 1 2 3 4 6 8 9 |  9.0
Fighting       | 3 4 5 6 8 9 10 11 | 11.8
Maces & Flails | 4 5 6 8 9 10 11 | 11.1
Conjurations   | 5 |  5.4
Invocations    | 1 4 6 8 9 |  9.8
Dodging        | 3 5 |  5.1
Evocations     | 2 4 5 |  5.8
Throwing       | |  1.7

Action                     |  1- 3 |  4- 6 |  7- 9 | 10-12 | 13-15 || total
---------------------------+-------+-------+-------+-------+-------++-------
  Melee: Flail             |   128 |   203 |   486 |   679 |    23 ||  1519
  Throw: Throwing net      |       |     2 |     2 |       |       ||     4
         Dart              |       |       |     2 |     3 |     8 ||    13
         Javelin           |       |       |     1 |       |       ||     1
 Invoke: Divine Shield     |       |       |       |     3 |       ||     3
  Evoke: Wand              |       |       |       |    15 |     1 ||    16
    Use: Scroll            |     2 |     5 |    17 |     8 |     2 ||    34
         Potion            |       |     2 |     2 |    13 |     1 ||    18
   Stab: Held in net/web   |       |     1 |       |       |       ||     1
 Armour: Leather armour    |    10 |       |       |       |       ||    10
         Scale mail        |    90 |   110 |   266 |   251 |     4 ||   721
         Skin              |       |    15 |       |       |       ||    15
         Troll leather arm |       |       |     7 |       |       ||     7
  Dodge: Dodged            |    97 |    63 |   213 |   221 |     6 ||   600
  Block: Buckler           |    26 |    43 |   135 |       |       ||   204
         Kite shield       |       |       |       |   524 |    21 ||   545

Table legend: (Time is in decaauts)
 A = Elapsed time spent in this place.
 B = Non-inter-level travel time spent in this place.
 C = Inter-level travel time spent in this place.
 D = Time resting spent in this place.
 E = Time spent auto-exploring this place.
 F = Levels seen in this place.
 G = Mean time per level.
                   A        B        C        D        E       F      G
               +--------+--------+--------+--------+--------+-----+--------+
         Total |  13730 |  13093 |    637 |   3138 |   6776 |  16 |  858.1 |
       Dungeon |  11446 |  10895 |    551 |   2202 |   6140 |  13 |  880.5 |
        Temple |    214 |    128 |     86 |      0 |    112 |   1 |  214.0 |
       Ossuary |    592 |    592 |      0 |    251 |    157 |   1 |  592.0 |
      Ice Cave |   1477 |   1477 |      0 |    685 |    367 |   1 | 1477.0 |
               +--------+--------+--------+--------+--------+-----+--------+

Top non-repeatable levels by time:
   IceCv: 1477 daAuts
     D:7: 1374 daAuts
     D:9: 1212 daAuts
    D:11: 1108 daAuts
     D:6: 1091 daAuts
     D:2: 996 daAuts
     D:5: 972 daAuts
     D:1: 864 daAuts
     D:8: 812 daAuts
    D:10: 769 daAuts
     D:4: 762 daAuts
     D:3: 692 daAuts
    D:12: 684 daAuts
 Ossuary: 592 daAuts
  Temple: 214 daAuts
